 Dungeon Crawl Stone Soup version 0.31.0-11-ge490571c62 (webtiles) character file.

Game seed: 550044556704372365

381 dialectric the Ruffian (level 6, -3/35 HPs)
             Began as a Gargoyle Shapeshifter on Jan 28, 2024.
             Slain by an ogre
             ... wielding a +0 giant club
              (18 damage)
             ... on level 5 of the Dungeon.
             The game lasted 00:04:33 (3465 turns).

dialectric the Ruffian (Gargoyle Shapeshifter)      Turns: 3465, Time: 00:04:34

Health: -3/35      AC:  7    Str: 20    XL:     6   Next: 75%
Magic:  6/6        EV: 11    Int: 10    God:
Gold:   217        SH:  0    Dex:  9    Spells: 5/5 levels left

rFire   . . .        r - +2 morningstar
rCold   . . .        (no shield)
rNeg    + . .        o - +0 leather armour
rPois   ∞            (helmet currently unavailable)
rElec   +            (cloak currently unavailable)
rCorr   .            (gloves currently unavailable)
SInv    .            (boots currently unavailable)
Will    .....        (no amulet)
Stlth   +            (no ring)
HPRegen 0.25/turn    (no ring)
MPRegen 0.10/turn

%: no passive effects
@: beast-form
A: beast (slay +1), sickness immunity, AC +4, negative energy resistance 1,
electricity resistance, torment resistance 1, petrification resistance
a: Begin Untransformation


You were on level 5 of the Dungeon.
You were a hulking beast.
You visited 1 branch of the dungeon, and saw 5 of its levels.

You collected 217 gold pieces.

Inventory:

Hand Weapons
 l - a +0 mace
 r - a +2 morningstar (weapon)
Armour
 a - a +0 animal skin
 i - a +0 plate armour
 o - a +0 leather armour (worn)
 p - a +0 helmet
 s - a +0 chain mail
 B - a +2 cloak of preservation
Jewellery
 m - an amulet of reflection
Talismans
 c - a beast talisman
 d - a flux talisman
Wands
 y - a wand of flame (7)
 z - a wand of acid (19)
Scrolls
 e - a scroll of fear {unknown}
 f - a scroll of torment {unknown}
 g - 2 scrolls of identify {unknown}
 n - a scroll of fog {unknown}
 v - a scroll of immolation {unknown}
 w - a scroll of vulnerability {unknown}
Potions
 b - a potion of lignification
 h - 2 potions of enlightenment {unknown}
 j - a potion of berserk rage {unknown}
 k - 2 potions of curing {unknown}
 q - a potion of degeneration {unknown}
 t - a potion of magic {unknown}
 u - 2 potions of resistance {unknown}
 x - a potion of cancellation {unknown}
 A - a potion of brilliance {unknown}


   Skills:
 + Level 2.1 Fighting
 * Level 4.0 Maces & Flails
 * Level 3.0 Armour
 - Level 2.0 Dodging
 - Level 4.0 Unarmed Combat
 - Level 3.0 Shapeshifting


You had 5 spell levels left.
You didn't know any spells.
Your spell library contained the following spells:

 Spells                   Type           Power      Damage    Failure   Level
 Freeze                   Ice            0%         1d3       41%         1
 Kiss of Death            Conj/Necr      0%         2d5       41%         1
 Necrotise                Necr           0%         1d4       41%         1
 Confusing Touch          Hex            0%         N/A       78%         3
 Frozen Ramparts          Ice            0%         1d1       78%         3
 Hailstorm                Conj/Ice       0%         3d5       78%         3
 Vampiric Draining        Necr           0%         2d6       78%         3
 Dispel Undead            Necr           0%         3d6       99%         4
 Martyr's Knell           Necr/Summ      0%         N/A       99%         4
 Curse of Agony           Necr           0%         N/A       100%        5


Dungeon Overview and Level Annotations

Branches:
Dungeon (5/15)
 Temple: D:4-7

Altars:
Xom
Zin

Shops:
D:4 [


Innate Abilities, Weirdness & Mutations

You are a hulking beast.
Your limbs bulge with bestial killing power. (Slay +1)
You are immune to sickness and miasma.
Your stone body is resilient. (AC +4)
You are immune to poison.
You resist negative energy. (rN+)
You are resistant to electric shocks. (rElec)
You are resistant to unholy torment.
You are immune to petrification.


Message History

You open the door. You bludgeon Crazy Yiuf!!
You kill Crazy Yiuf!
Your Maces & Flails skill increases to level 4!
There is an open translucent door, spattered with blood here.
Things that are here:
a +2 quarterstaff of chaos; a +2 cloak of preservation
There is an open translucent door, spattered with blood here.
Things that are here:
a +2 quarterstaff of chaos; a +2 cloak of preservation
B - a +2 cloak of preservation
Okay, then.
Done exploring.
No target in view!
Done exploring.
Done exploring.
No target in view!
Done exploring.
No target in view!
There is an open translucent door, spattered with blood here.
You see here a +2 quarterstaff of chaos.
Unknown command.
There is a stone staircase leading down here.
You climb downwards.
The ogre barely misses you.
There is a stone staircase leading up here.
Unknown command.
An ogre is nearby!
You thump the ogre!
The ogre is heavily wounded.
The ogre hits you with a +0 giant club!
An ogre is nearby!
You sock the ogre!
The ogre is almost dead.
The ogre hits you with a +0 giant club!
You are too injured to fight recklessly!
You hit the ogre.
The ogre is almost dead.
The ogre hits you with a +0 giant club!!
Ouch! That really hurt!
You die...

#.########
#...Oh...#
########.#
############.#
........<.##.#
#########.##.#
#..##.#
#.###.#
#.###.##
#.##...#####


You could see an ogre.

Vanquished Creatures
  2 bombardier beetles
  Crazy Yiuf (D:4)
  2 iguanas
  2 orc wizards
  5 adders
  2 dart slugs
  2 ribbon worms
  9 orcs
  13 ball pythons
  7 bats
  10 endoplasms
  6 giant cockroaches
  6 hobgoblins
  18 jackals
  3 kobolds
  6 quokkas
  2 frilled lizards
  8 goblins
  6 rats
110 creatures vanquished.

Notes
Turn   | Place    | Note
-------+----------+-------------------------------------------
     0 | D:1      | dialectric the Gargoyle Shapeshifter began the quest for
                  | the Orb.
     0 | D:1      | Reached XP level 1. HP: 12/12 MP: 1/1
    71 | D:1      | Reached XP level 2. HP: 9/16 MP: 2/2
   250 | D:1      | Reached XP level 3. HP: 20/20 MP: 3/3
   791 | D:2      | Reached XP level 4. HP: 25/25 MP: 4/4
  1151 | D:2      | Reached skill level 1 in Armour
  1328 | D:2      | Reached skill level 1 in Maces & Flails
  1389 | D:2      | Reached XP level 5. HP: 29/29 MP: 5/5
  1542 | D:3      | Found a glowing silver altar of Zin.
  2570 | D:3      | Reached XP level 6. HP: 34/35 MP: 6/6
  2688 | D:4      | Found a shimmering altar of Xom.
  2697 | D:5      | Entered Level 5 of the Dungeon
  2915 | D:4      | Found a runed translucent door.
  2916 | D:4      | Noticed Crazy Yiuf
  2960 | D:4      | Found Wocov's Antique Armour Shoppe.
  3421 | D:4      | Killed Crazy Yiuf
  3465 | D:5      | Slain by an ogre

Illustrated notes

Levels and vault maps discovered:
D:1:      dpeg_arrival_signposts, layout_rooms
D:2:      minmay_chambers_of_ones, layout_rooms, minmay_crystal_room,
          minmay_pentomino_z4
D:3:      minmay_bubble_buster, layout_basic, nicolae_overflow_hidden_temple,
          minitemple, gup_sewer_entry_bubbles
D:4:      layout_rooms, xom_teletrap_fun, serial_shops, nicolae_stop_n_shop_1,
          kennysheep_cross_bottleneck, uniq_crazy_yiuf_cottage
D:5:      layout_loops_ring, st_stairs_3

Skill      XL: |  1  2  3  4  5  6 |
---------------+-------------------+-----
Shapeshifting  | 3 |  3.0
Unarmed Combat | 4 |  4.0
Dodging        | 2 |  2.0
Armour         | 1 2 3 |  3.0
Maces & Flails | 1 2 4 |  4.0
Fighting       | 2 |  2.1

Action                     |  1- 3 |  4- 6 || total
---------------------------+-------+-------++-------
  Melee: Unarmed           |   113 |    57 ||   170
         Morningstar       |       |   152 ||   152
         Punch             |       |     9 ||     9
    Use: Scroll            |       |     2 ||     2
 Armour: Animal skin       |    38 |       ||    38
         Leather armour    |    29 |   148 ||   177
  Dodge: Dodged            |    79 |   169 ||   248
